 Dungeon Crawl Stone Soup version 0.29-a0-337-g68df138881 (webtiles) character file.

Game seed: 10853435762480253033

14429 GordonOverkill the Crack Shot (level 11, -3/63 HPs)
             Began as a Deep Elf Hunter on Apr 17, 2022.
             Was an Initiate of Gozag.
             Killed by vampiric draining
             ... invoked by a vampire
              (20 damage)
             ... on level 11 of the Dungeon.
             The game lasted 00:25:20 (13527 turns).

GordonOverkill the Crack Shot (Deep Elf Hunter)    Turns: 13527, Time: 00:25:21

Health: -3/63      AC: 11    Str: 10    XL:     11   Next: 88%
Magic:  13/13      EV: 15    Int: 15    God:    Gozag
Gold:   1873       SH:  0    Dex: 26    Spells: 10/10 levels left

rFire   . . .      SeeInvis .   u - +3 longbow (freeze)
rCold   . . .      Faith    .   (shield currently unavailable)
rNeg    . . .      Spirit   .   L - +1 steam dragon scales
rPois   .          Reflect  .   (no helmet)
rElec   .          Harm     .   d - +0 cloak
rCorr   +          Rampage  .   l - +0 pair of gloves
Will    +....                   g - +1 pair of boots
Stlth   ++........              (no amulet)
HPRegen 0.20/turn               o - ring of resist corrosion
MPRegen 0.13/turn               h - +6 ring of dexterity

@: no status effects
A: no striking features
a: Renounce Religion, Potion Petition, Call Merchant, Bribe Branch


You were on level 11 of the Dungeon.
You worshipped Gozag.
Gozag was most pleased with you.
You visited 2 branches of the dungeon, and saw 12 of its levels.
You also visited: Sewer.

You collected 2398 gold pieces.
You spent 480 gold pieces at shops.
You paid 45 gold pieces to Gozag.

Inventory:

Hand Weapons
 u - a +3 longbow of freezing (weapon)
 y - the +1 spear of a ziggurat {protect, rElec rF- Dex+3 SInv}
   (You found it on level 6 of the Dungeon)

   It grants its wielder temporary protection when it strikes (+7 to AC).
   Dex:       It affects your dexterity (+3).
   rF:        It makes you vulnerable to fire.
   rElec:     It insulates you from electricity.
   SInv:      It lets you see invisible.
 E - a +3 dire flail of protection
Missiles
 n - 3 throwing nets
Armour
 d - a +0 cloak (worn)
 g - a +1 pair of boots (worn)
 l - a +0 pair of gloves (worn)
 r - a +2 robe of willpower
 L - +1 steam dragon scales (worn)
Jewellery
 a - a ring of willpower
 e - an amulet of regeneration
 f - a ring of positive energy
 h - a +6 ring of dexterity (right hand)
 o - a ring of resist corrosion (left hand)
 w - a ring of wizardry
 M - a +4 ring of slaying
Wands
 m - a wand of paralysis (4)
 s - a wand of iceblast (2)
 x - a wand of digging (4)
 z - a wand of flame (14)
 B - a wand of charming (3)
 H - a wand of acid (3)
Scrolls
 b - 6 scrolls of teleportation
 c - 5 scrolls of immolation
 v - 4 scrolls of fear
 C - a scroll of magic mapping
 D - a scroll of silence
Potions
 i - 2 potions of brilliance
 j - 7 potions of curing
 k - 3 potions of magic
 p - a potion of resistance
 q - a potion of might {unknown}
 t - a potion of cancellation
 A - 3 potions of ambrosia
 G - a potion of flight
 I - a potion of lignification
Miscellaneous
 J - a condenser vane (inert)
 K - a tin of tremorstones (1/2)


   Skills:
 - Level 5.0 Fighting
 + Level 21.8 Bows
 - Level 4.0 Armour
 - Level 4.0 Dodging
 - Level 1.2 Stealth
 - Level 4.0 Evocations


You had 10 spell levels left.
You didn't know any spells.
Your spell library contained the following spells:

 Spells                   Type           Power      Damage    Failure   Level
 Animate Skeleton         Necr           0%         N/A       26%         1
 Apportation              Tloc           0%         N/A       26%         1
 Beastly Appendage        Tmut           0%         N/A       26%         1
 Pain                     Necr           0%         1d4       26%         1
 Shock                    Conj/Air       0%         1d3       26%         1
 Summon Small Mammal      Summ           0%         N/A       26%         1
 Wereblood                Tmut           0%         N/A       38%         2
 Frozen Ramparts          Ice            0%         1d2       63%         3
 Gell's Gravitas          Tloc           0%         N/A       63%         3
 Spider Form              Tmut/Pois      0%         N/A       63%         3
 Swiftness                Air            0%         N/A       63%         3
 Teleport Other           Tloc           0%         N/A       63%         3
 Vampiric Draining        Necr           0%         2d6       63%         3
 Airstrike                Air            0%         N/A       95%         4
 Fulminant Prism          Conj/Hex       0%         3d6       95%         4
 Ice Form                 Ice/Tmut       0%         N/A       95%         4
 Iskenderun's Mystic Bla  Conj/Tloc      0%         2d3       95%         4
 Summon Ice Beast         Ice/Summ       0%         N/A       95%         4
 Lee's Rapid Deconstruct  Erth           0%         3d5*      100%        5
 Dispersal                Tloc           0%         N/A       100%        6


Dungeon Overview and Level Annotations

Branches:
Dungeon (11/15)            Temple (1/1) D:4            Lair (0/6) D:11
    Orc (0/2) D:9           Sewer (visited)

Altars:
Ashenzari
Cheibriados
Dithmenos
Elyvilon
Fedhas
Gozag
Hepliaklqana
Kikubaaqudgha
Makhleb
Nemelex Xobeh
Okawaru
Qazlal
Ru
Sif Muna
Trog
Uskayaw
Vehumet
Wu Jian
Xom
Yredelemnul
Zin
The Shining One

Shops:
D:5 *   D:7 !

Portals:
Trove: D:10 (give 14 scrolls of teleportation)

Annotations:
D:10 2 transporters


Message History

Press: ? - help, Q - select action, (/) - cycle Dir - look around, f - activate You shoot an arrow.
You hear some strange, mumbled words.
Something tries to affect you, but you resist.
You are too confused!
Unknown command.
Non-targeted confused shoot: u) +3 longbow (freeze)
Press: ? - help, Q - select action, (/) - cycle Dir - look around, f - activate You shoot an arrow.
You feel less confused. Something hits you! Something bites you!
* * * LOW HITPOINT WARNING * * *
Something draws strength from your injuries!
You can't see anything, release a tremorstone anyway?
The tremorstone explodes into fragments!
The burst of rock shards engulfs you.
* * * LOW HITPOINT WARNING * * *
The burst of rock shards engulfs something!!
The burst of rock shards engulfs something.
The burst of rock shards engulfs you but does no damage.
Something hits you but does no damage. Something bites you!
* * * LOW HITPOINT WARNING * * *
Something draws strength from your injuries!
You feel much better. Something hits you.
* * * LOW HITPOINT WARNING * * *
Something bites you!
* * * LOW HITPOINT WARNING * * *
Something draws strength from your injuries!
Aiming: Iceblast
Press: ? - help, Shift-Dir - straight line The mass of ice explodes!
The iceblast engulfs something!
Something draws life force from you!
* * * LOW HITPOINT WARNING * * *
Aiming: Iceblast
Press: ? - help, Shift-Dir - straight line The mass of ice explodes!
The iceblast engulfs something!
A redback comes into view.
Something draws life force from you!!
You die...
Your body crumbles into a pile of gold.

#.. ......... .#... ...
##. ........##..... ..# #.
......?>.#.....####.. ##
s...............#.#..
.$...................###
..)..............#.......#
...>....{.....# .##.......
...... #@.#..# ..........
.....[ #.##..# .#####.).#
......###.##).##.# #..).#
.......#..#....#.## #..)..
.......#........... #.....
.........##........##.....
#...............##..#....)
###..#....................
#.......#........P......


You could see a redback.

Vanquished Creatures
  Harold (D:10)
  A two-headed ogre (D:11)
  A centaur warrior (D:9)
  Erica (D:9)
  A wizard (D:9)
  A manticore (D:9)
  Joseph (D:10)
  Maggie (D:9)
  A kobold demonologist (D:9)
  2 trolls
  Grinder (D:4)
  Prince Ribbit (D:9)
  A slime creature (D:9)
  12 yaks
  Grum (D:10)
  2 wyverns (D:11)
  4 wraiths
  Eustachio (D:6)
  A steam dragon (D:8)
  3 basilisks (D:11)
  Menkaure (D:6)
  Edmund (D:6)
  2 acid dragons
  7 water moccasins
  5 orc warriors
  Pargi (Sewer)
  An ice beast (D:7)
  3 wolves (D:10)
  3 ogres
  7 centaurs
  5 kobold brigands
  4 bullfrogs
  A gnoll sergeant (D:8)
  2 scorpions
  8 wights (D:7)
  15 killer bees
  A howler monkey (D:11)
  A lava snake (D:8)
  4 hounds
  2 jellies
  6 orc priests
  Jessica (D:3)
  A gnoll shaman (D:9)
  2 iguanas (D:5)
  16 orc wizards
  10 gnolls
  10 adders
  2 white imps
  2 ufetubi
  2 worms (D:5)
  2 dart slugs
  47 orcs
  6 ball pythons
  5 endoplasms
  5 giant cockroaches
  4 goblins
  8 hobgoblins
  5 jackals
  8 quokkas
  3 bats
  7 frilled lizards
  33 kobolds
  4 rats
301 creatures vanquished.

Vanquished Creatures (others)
  16 bushes (D:8)
  2 fungi (D:11)
  25 plants (D:11)
43 creatures vanquished.

Grand Total: 344 creatures vanquished

Notes
Turn   | Place    | Note
-------+----------+-------------------------------------------
     0 | D:1      | GordonOverkill the Deep Elf Hunter began the quest for the
                  | Orb.
     0 | D:1      | Reached XP level 1. HP: 12/12 MP: 3/3
   296 | D:1      | Reached XP level 2. HP: 17/17 MP: 4/4
   927 | D:1      | Reached XP level 3. HP: 21/21 MP: 5/5
  1284 | D:2      | Reached skill level 6 in Bows
  1441 | D:2      | Found a faded altar of an unknown god.
  1489 | D:3      | Reached XP level 4. HP: 27/27 MP: 6/6
  1756 | D:3      | Noticed Jessica
  1757 | D:3      | Killed Jessica
  1809 | D:3      | Found a snail-covered altar of Cheibriados.
  1887 | D:3      | Found a white marble altar of Elyvilon.
  2088 | D:3      | Found a basalt altar of Yredelemnul.
  2174 | D:4      | Noticed a scorpion
  2527 | D:4      | Reached skill level 1 in Armour
  2527 | D:4      | Reached XP level 5. HP: 31/31 MP: 7/7
  2532 | D:4      | Noticed a centaur
  2541 | D:4      | Killed a centaur
  2549 | D:4      | Reached skill level 7 in Bows
  2549 | D:4      | Reached XP level 6. HP: 26/37 MP: 8/8
  2763 | D:4      | Noticed Grinder
  2772 | D:4      | Killed Grinder
  2773 | D:4      | Reached XP level 7. HP: 23/42 MP: 9/9
  3031 | D:4      | Found a staircase to the Ecumenical Temple.
  3143 | Temple   | Entered the Ecumenical Temple
  3214 | Temple   | Became a worshipper of Gozag Ym Sagoz the Greedy
  3723 | D:5      | Entered Level 5 of the Dungeon
  3763 | D:5      | Found a glowing drain.
  3791 | Sewer    | Entered a sewer
  3827 | Sewer    | Reached skill level 8 in Bows
  3860 | Sewer    | Noticed Pargi
  3869 | Sewer    | Killed Pargi
  4310 | D:5      | Found Fiwowoust's Mass Market.
  4410 | D:5      | Found a hide-covered altar of Uskayaw.
  4520 | D:5      | Reached skill level 9 in Bows
  4661 | D:5      | Found a broken altar of Ashenzari.
  4676 | D:5      | Reached XP level 8. HP: 24/48 MP: 10/10
  4680 | D:5      | Reached skill level 10 in Bows
  5261 | D:6      | Reached skill level 11 in Bows
  5331 | D:6      | Noticed Edmund
  5343 | D:6      | Killed Edmund
  5510 | D:6      | Reached skill level 12 in Bows
  5558 | D:6      | Noticed Eustachio
  5565 | D:6      | Noticed Menkaure
  5571 | D:6      | Killed Menkaure
  5576 | D:6      | Killed Eustachio
  5850 | D:6      | Reached skill level 13 in Bows
  5850 | D:6      | Reached XP level 9. HP: 52/52 MP: 11/11
  6250 | D:6      | Identified the +1 spear of a ziggurat {protect, rElec rF-
                  | Dex+3 SInv}
  6692 | D:6      | Reached skill level 14 in Bows
  6921 | D:6      | Reached skill level 15 in Bows
  7978 | D:7      | Found Zifroy's Distillery.
  7987 | D:7      | Bought a potion of curing for 48 gold pieces
  7987 | D:7      | Bought a potion of curing for 48 gold pieces
  7987 | D:7      | Bought a potion of curing for 48 gold pieces
  7987 | D:7      | Bought a potion of heal wounds for 80 gold pieces
  7987 | D:7      | Bought a potion of ambrosia for 128 gold pieces
  7987 | D:7      | Bought a potion of ambrosia for 128 gold pieces
  8253 | D:7      | Reached skill level 16 in Bows
  8317 | D:7      | Reached skill level 1 in Evocations
  8578 | D:7      | Reached XP level 10. HP: 58/58 MP: 12/12
  8961 | D:7      | Reached skill level 5 in Fighting
  9291 | D:7      | Identified a scroll of acquirement
  9291 | D:7      | Acquired a +2 longbow of freezing
  9923 | D:8      | Reached skill level 17 in Bows
 10007 | D:8      | Found an ornate altar of the Wu Jian Council.
 10027 | D:8      | Found a glowing golden altar of the Shining One.
 10306 | D:8      | Found a blossoming altar of Fedhas.
 10427 | D:9      | Noticed Prince Ribbit
 10433 | D:9      | Killed Prince Ribbit
 10705 | D:9      | Reached skill level 18 in Bows
 10735 | D:9      | Found a staircase to the Orcish Mines.
 10875 | D:9      | Noticed Maggie
 10878 | D:9      | Noticed Erica
 10880 | D:9      | Killed Maggie
 10885 | D:9      | Killed Erica
 11265 | D:9      | Reached XP level 11. HP: 63/63 MP: 13/13
 11271 | D:9      | Noticed a centaur warrior
 11280 | D:9      | Killed a centaur warrior
 11281 | D:9      | Reached skill level 19 in Bows
 11647 | D:9      | Noticed a wizard
 11652 | D:9      | Killed a wizard
 11797 | D:10     | Entered Level 10 of the Dungeon
 11902 | D:10     | Noticed Harold
 11909 | D:10     | Killed Harold
 11910 | D:10     | Reached skill level 20 in Bows
 11921 | D:10     | Found a transporter.
 12163 | D:10     | Found a transporter.
 12168 | D:10     | Found a transporter.
 12187 | D:10     | Noticed Grum
 12197 | D:10     | Killed Grum
 12273 | D:10     | Found a transporter.
 12336 | D:10     | Found a transporter.
 12461 | D:10     | Noticed Joseph
 12464 | D:10     | Killed Joseph
 12582 | D:10     | Found a transporter.
 12655 | D:10     | Found a portal to a secret trove of treasure.
 13206 | D:11     | Noticed a two-headed ogre
 13219 | D:11     | Reached skill level 21 in Bows
 13225 | D:11     | Killed a two-headed ogre
 13424 | D:11     | Found a staircase to the Lair.
 13527 | D:11     | Killed from afar by a vampire

Illustrated notes

Levels and vault maps discovered:
D:1:      dpeg_arrival_long_road, layout_basic
D:2:      layout_rooms, basic_ecumenical_altar
D:3:      layout_loops_cross, kennysheep_ying_yang,
          mainiacjoe_overflow_brackets, uniq_jessica
D:4:      layout_basic, minmay_temple_entry_trees, uniq_grinder
D:5:      layout_loops_ring, general_overflow_altar,
          cheibrodos_ashenzari_chains, portal_sewer_entry_f, minmay_shop_mass
D:6:      layout_basic, uniq_edmund, uniq_eustachio, uniq_menkaure
D:7:      layout_basic, minmay_shop_grid_forest, st_stairs_14, nrook_uturn,
          hex_medium
D:8:      layout_rooms, pdpol_wu_jian_five_deadly_venoms,
          mainiacjoe_overflow_tiny_flanked, fedhas_bush_and_centaur_altar,
          kennysheep_big_empty_room, minmay_holes, hex_intersection
D:9:      layout_rooms, hiddenorc1_lemuel, minmay_diamond_spiral, uniq_erica,
          uniq_prince_ribbit1, uniq_maggie
D:10:     layout_cave_pools, nicolae_trove_entry_diagonal,
          serial_nicolae_subway, nicolae_sub_station_crystal,
          nicolae_sub_station_metal, nicolae_sub_station_stone, uniq_harold,
          uniq_grum, uniq_joseph
D:11:     layout_cave_pools, minmay_lair_entry_grove, kennysheep_generic_room_8
Temple:   nicolae_temple_great_sept

Skill      XL: |  1  2  3  4  5  6  7  8  9 10 11 |
---------------+----------------------------------+-----
Fighting       | 2 3 4 5 |  5.0
Dodging        | 3 4 |  4.0
Bows           | 6 7 9 13 16 18 21 | 21.8
Armour         | 1 2 4 |  4.0
Evocations     | 2 4 |  4.0
Stealth        | |  1.2

Action                   |  1- 3 |  4- 6 |  7- 9 | 10-12 || total
-------------------------+-------+-------+-------+-------++-------
Melee: Trident           |       |       |     9 |       ||     9
       Punch             |       |       |     1 |       ||     1
 Fire: Shortbow          |    89 |    86 |   342 |    58 ||   575
       Longbow           |       |       |       |   348 ||   348
Evoke: Wand              |       |       |       |    10 ||    10
       Tin of tremorston |       |       |       |     1 ||     1
       Condenser vane    |       |       |       |     1 ||     1
  Use: Scroll            |     3 |       |     8 |    10 ||    21
       Potion            |       |     2 |     5 |     7 ||    14
Armor: Leather armour    |     9 |       |       |       ||     9
       Ring mail         |       |    24 |    49 |    23 ||    96
       Steam dragon scal |       |       |       |    16 ||    16
Dodge: Dodged            |    22 |    47 |    97 |    85 ||   251

Table legend: (Time is in decaauts)
 A = Elapsed time spent in this place.
 B = Non-inter-level travel time spent in this place.
 C = Inter-level travel time spent in this place.
 D = Time resting spent in this place.
 E = Time spent auto-exploring this place.
 F = Levels seen in this place.
 G = Mean time per level.
                   A        B        C        D        E       F      G
               +--------+--------+--------+--------+--------+-----+--------+
         Total |  13567 |  12810 |    757 |   3648 |   6897 |  13 | 1043.6 |
       Dungeon |  13243 |  12495 |    748 |   3581 |   6723 |  11 | 1203.9 |
        Temple |     81 |     72 |      9 |      0 |     58 |   1 |   81.0 |
         Sewer |    242 |    242 |      0 |     67 |    116 |   1 |  242.0 |
               +--------+--------+--------+--------+--------+-----+--------+

Top non-repeatable levels by time:
     D:6: 2362 daAuts
     D:7: 1696 daAuts
     D:4: 1579 daAuts
     D:9: 1578 daAuts
     D:5: 1387 daAuts
     D:1: 1090 daAuts
    D:10: 934 daAuts
     D:8: 923 daAuts
     D:3: 700 daAuts
    D:11: 568 daAuts
     D:2: 421 daAuts
   Sewer: 242 daAuts
  Temple: 81 daAuts
